 Dungeon Crawl Stone Soup version 0.28-a0-1387-g3a22ab9bdc (webtiles) character file.

Game seed: 4063250562086700225

112 HallandMoats the Skirmisher (level 4, 0/37 HPs)
             Began as a Demonspawn Fighter on Jan 2, 2022.
             Slain by a hobgoblin (2 damage)
             ... led by Robin
             ... on level 2 of the Dungeon.
             The game lasted 00:02:37 (2243 turns).

HallandMoats the Skirmisher (Demonspawn Fighter)    Turns: 2243, Time: 00:02:39

Health: 0/37       AC:  6    Str: 18    XL:     4   Next: 63%
Magic:  0/4        EV:  9    Int: 10    God:
Gold:   59         SH:  8    Dex: 12    Spells: 3/3 levels left

rFire   . . .      SeeInvis .   a - +0 war axe
rCold   . . .      Faith    .   c - +0 buckler
rNeg    . . .      Spirit   +   b - +0 scale mail
rPois   .          Reflect  .   (no helmet)
rElec   .          Harm     .   (no cloak)
rCorr   .          Rampage  .   (no gloves)
Will    .....                   (no boots)
Stlth   ..........              (no amulet)
HPRegen 0.12/turn               (no ring)
MPRegen 0.18/turn               (no ring)

@: mighty, lethally poisoned (0 -> -2)
A: magic shield, magic regeneration, condensation shield
a: no special abilities


You were on level 2 of the Dungeon.
You visited 1 branch of the dungeon, and saw 3 of its levels.

You collected 59 gold pieces.

Inventory:

Hand Weapons
 a - a +0 war axe (weapon)
Missiles
 h - a throwing net (quivered)
Armour
 b - a +0 scale mail (worn)
 c - a +0 buckler (worn)
Scrolls
 e - a scroll of amnesia {unknown}
 g - a scroll of fear {unknown}
 i - a scroll of magic mapping {unknown}
 j - a scroll of vulnerability {unknown}
 l - a scroll of identify {unknown}
Potions
 f - a potion of curing {unknown}
 k - a potion of heal wounds {unknown}


   Skills:
 * Level 3.7 Fighting
 + Level 2.2 Axes
 + Level 3.1 Armour
 + Level 1.3 Dodging
 * Level 3.5 Shields


You had 3 spell levels left.
You didn't know any spells.
Your spell library was empty.

Dungeon Overview and Level Annotations

Branches:
Dungeon (3/15)

Altars:

Annotations:
D:3 Robin


Innate Abilities, Weirdness & Mutations

When hurt, damage is shared between your health and your magic reserves.
You regenerate magic rapidly.
A meltable shield of frost defends you. (SH +4)


Message History

You miss the adder. You hit the goblin.
You kill the goblin!
You feel sick.
You are no longer poisoned.
The adder bites you. The goblin hits you with a +0 dagger.
The orc wizard hits you but does no damage.
The hobgoblin barely misses you. The goblin barely misses you.
The adder closely misses you.
You miss the hobgoblin.
The hobgoblin is almost dead.
You miss the goblin. You closely miss the adder.
You barely miss the orc wizard. You miss the goblin.
You feel less confused. The goblin hits you but does no damage.
You block the orc wizard's attack. The hobgoblin completely misses you.
You block the goblin's attack. The adder closely misses you.
The goblin hits you with a +0 dagger. x2
The orc wizard hits you with a +0 dagger.
You block the hobgoblin's attack.
You miss the adder. You slash the orc wizard! You slash the goblin!
You kill the goblin!
You closely miss the hobgoblin. You closely miss the goblin.
The adder bites you but does no damage. You block the goblin's attack.
The adder bites you.
You are poisoned.
The adder poisons you! The hobgoblin hits you.
* * * LOW HITPOINT WARNING * * *
You block the orc wizard's attack.
You barely miss the hobgoblin.
The hobgoblin is almost dead.
You closely miss the goblin. You hit the orc wizard.
You kill the orc wizard!
You hit the adder. You miss the goblin.
You feel sick. You block the adder's attack. The goblin barely misses you.
The hobgoblin hits you.
* * * LOW HITPOINT WARNING * * *
The goblin hits you but does no damage. The adder closely misses you.
The goblin hits you with a +0 dagger.
* * * LOW HITPOINT WARNING * * *
The goblin hits you but does no damage. The hobgoblin hits you.
You die...

# #####.........#.#
#######...............#
#.........#.........#.#
.....######.........#.#
###### #...........#
#..........## #########
#..........#
≈≈≈≈≈≈≈.####..<)S)...#
≈≈≈≈≈≈...#.....g@g#.##
.....)...#.(.###g#..#
....)....[...# #...##
......)..#...# #.###
≈≈≈≈≈≈...#...# #.##
≈≈≈≈≈≈≈.##...# #..#
##########...# #..#
#...# #..# ### ##...#
#..#


You could see an adder, a hobgoblin (strong) and 2 goblins.

Vanquished Creatures
  An orc wizard (D:2)
  3 gnolls (D:2)
  An adder (D:2)
  A dart slug (D:1)
  An orc (D:2)
  6 ball pythons
  4 endoplasms
  6 giant cockroaches
  6 hobgoblins
  5 jackals
  3 quokkas
  5 bats
  3 frilled lizards
  6 goblins
  10 kobolds
  4 rats
65 creatures vanquished.

Notes
Turn   | Place    | Note
-------+----------+-------------------------------------------
     0 | D:1      | HallandMoats the Demonspawn Fighter began the quest for the
                  | Orb.
     0 | D:1      | Reached XP level 1. HP: 18/18 MP: 1/1
    65 | D:1      | Gained mutation: A meltable shield of frost defends you.
                  | (SH +4) [demonic ancestry]
    65 | D:1      | Reached XP level 2. HP: 15/24 MP: 2/2
   407 | D:1      | Found a faded altar of an unknown god.
   853 | D:1      | Gained mutation: You regenerate magic rapidly. [demonic
                  | ancestry]
   853 | D:1      | Reached XP level 3. HP: 29/29 MP: 3/3
  1122 | D:2      | Reached skill level 1 in Dodging
  1552 | D:2      | Gained mutation: When hurt, damage is shared between your
                  | health and your magic reserves. [demonic ancestry]
  1552 | D:2      | Reached XP level 4. HP: 29/36 MP: 4/4
  2228 | D:3      | Noticed Robin
  2243 | D:2      | Slain by a hobgoblin

Illustrated notes

Levels and vault maps discovered:
D:1:      dpeg_arrival_prison, layout_loops_ring,
          hellmonk_ecumenical_altar_arch_garden, st_stairs_9
D:2:      minmay_kobold_bridge, layout_rooms
D:3:      layout_rooms, serial_shops, shop, uniq_robin

Skill      XL: |  1  2  3 |
---------------+----------+-----
Shields        | 3 |  3.5
Axes           | 2 |  2.2
Dodging        | 1 |  1.3
Armour         | 3 |  3.1
Fighting       | |  3.7

Action                   |  1- 3 |  4- 6 || total
-------------------------+-------+-------++-------
Melee: War axe           |   108 |    41 ||   149
  Use: Potion            |       |     1 ||     1
Armor: Scale mail        |    86 |    37 ||   123
Dodge: Dodged            |    81 |    36 ||   117
Block: Buckler           |    62 |    33 ||    95

Table legend: (Time is in decaauts)
 A = Elapsed time spent in this place.
 B = Non-inter-level travel time spent in this place.
 C = Inter-level travel time spent in this place.
 D = Time resting spent in this place.
 E = Time spent auto-exploring this place.
 F = Levels seen in this place.
 G = Mean time per level.
                   A        B        C        D        E       F      G
               +--------+--------+--------+--------+--------+-----+--------+
         Total |   2305 |   2278 |     27 |    387 |   1392 |   3 |  768.3 |
       Dungeon |   2305 |   2278 |     27 |    387 |   1392 |   3 |  768.3 |
               +--------+--------+--------+--------+--------+-----+--------+

Top non-repeatable levels by time:
     D:2: 1154 daAuts
     D:1: 1147 daAuts
     D:3: 4 daAuts
